 Dungeon Crawl Stone Soup version 0.19-a0-1058-g5566a1a (webtiles) character file.

796 Jmtri7 the Skirmisher (level 7, -1/79 HPs)
             Began as an Octopode Transmuter on Aug 2, 2016.
             Was an Initiate of Sif Muna.
             Slain by an ice beast (14 damage)
             ... on level 6 of the Dungeon.
             The game lasted 00:12:39 (4306 turns).

Jmtri7 the Skirmisher (Octopode Transmuter)         Turns: 4306, Time: 00:12:40

Health: -1/79      AC:  1    Str: 16    XL:     7   Next: 89%
Magic:  10/10      EV:  8    Int: 15    God:    Sif Muna [......]
Gold:   258        SH: 11    Dex: 13    Spells: 1 memorised, 9 levels left

rFire  . . .     SeeInvis .       - Unarmed
rCold  . . .     Gourm    .     m - +0 large shield
rNeg   . . .     Faith    .     (helmet restricted)
rPois  .         Spirit   .     d - amulet of rage
rElec  .         Dismiss  .     (no ring)
rCorr  .         Reflect  .     (no ring)
SustAt .         Harm     .     (no ring)
MR     .....                    (no ring)
Stlth  ..........               (no ring)
                                (no ring)
                                (no ring)
                                (no ring)

@: berserking, very quick, not resistant to hostile enchantments, extremely
unstealthy
A: almost no armour, amphibious, 8 rings, constrict 8, camouflage 1, gelatinous
body 1
a: Renounce Religion, Evoke Berserk Rage


You were on level 6 of the Dungeon.
You worshipped Sif Muna.
Sif Muna was noncommittal.
You were hungry.

You visited 2 branches of the dungeon, and saw 7 of its levels.

You collected 258 gold pieces.

Inventory:

Missiles
 a - 12 arrows
Armour
 m - a +0 large shield (worn)
Jewellery
 d - an amulet of rage (around mantle)
Wands
 r - a wand of iceblast (2/15)
 t - a wand of polymorph (9/24)
 y - a wand of random effects (34/48)
 z - a wand of disintegration (1/24)
Scrolls
 i - 2 scrolls of remove curse
 k - a scroll of random uselessness {unknown}
 n - 4 scrolls of recharging {unknown}
 q - 2 scrolls of enchant weapon {unknown}
 s - 3 scrolls of amnesia {unknown}
Potions
 e - a potion of heal wounds
 f - 2 potions of might {unknown}
 h - a potion of mutation {unknown}
 j - 2 potions of flight {unknown}
 l - a potion of berserk rage {unknown}
 u - 2 potions of haste {unknown}
 w - a potion of resistance {unknown}
Books
 b - a book of Changes

   Spells                             Type                      Level
   a - Beastly Appendage              Transmutation                1
   b - Sticks to Snakes               Transmutation                2
   c - Spider Form                    Transmutation/Poison         3
   d - Ice Form                       Ice/Transmutation            4
   e - Blade Hands                    Transmutation                5
Comestibles
 c - 6 bread rations
 o - a fruit
 p - 2 meat rations
 x - a beef jerky


   Skills:
 - Level 6.4 Fighting
 - Level 2.0 Dodging
 - Level 6.3 Unarmed Combat
 - Level 2.0 Spellcasting
 + Level 2.0 Transmutations


You had 9 spell levels left.
You knew the following spells:

 Your Spells              Type           Power        Failure   Level  Hunger
a - Beastly Appendage     Tmut           #.....       99%         1    #......


Dungeon Overview and Level Annotations

Branches:
Dungeon (6/15)             Temple (1/1) D:6

Altars:
Ashenzari
Cheibriados
Dithmenos
Elyvilon
Fedhas
Hepliaklqana
Makhleb
Nemelex Xobeh
Pakellas
Qazlal
Sif Muna
Trog
Uskayaw
Vehumet
Xom
Yredelemnul
Zin
The Shining One


Innate Abilities, Weirdness & Mutations

You cannot wear most types of armour.
You are amphibious.
You can wear up to eight rings at the same time.
You can use your tentacles to constrict eight enemies at once.
Your skin changes colour to match your surroundings (Stealth+).
Your rubbery body absorbs attacks. (AC +1, EV +1)


Message History

Your shield prevents you from hitting the ice beast.
The ice beast is heavily wounded.
The ice beast hits you. The ice beast freezes you!
Your shield prevents you from hitting the ice beast.
The ice beast is heavily wounded.
The ice beast hits you. The ice beast freezes you!
You closely miss the ice beast. You squeeze the ice beast.
The ice beast is heavily wounded.
You block the ice beast's attack.
A red film seems to cover your vision as you go berserk!
You feel yourself moving faster!
You feel mighty! The ice beast hits you.
* * * LOW HITPOINT WARNING * * *
The ice beast freezes you!
* * * LOW HITPOINT WARNING * * *
You closely miss the ice beast. You squeeze the ice beast.
The ice beast is heavily wounded.
The ice beast hits you.
* * * LOW HITPOINT WARNING * * *
The ice beast freezes you!
You die...

,,,,,,,,,,..###.#.#.#.##.#*.## *,
,,,,,,,,,,...##.#.#.#.##.##..# *,
,,,,,,,***#..##.....#.##.#...# *,
**********#..##.....#.##.#...##**
,,,,,,,,,,,..##.#.#.#.##.#....#
**##########.##...#+#.##.#....##
##.....#..#.###......##.#.....##
#...##.#......'......##.........
##...##.#....###@.....##(..###..#
.....##.#....# #Y.....##.........
.....##.#....# #......####.##....
.>...##.#....# #......#,O..##.#..
##......#....# #......#.#####....
.'......#....###......#,* #..##
##......'.............#,* #..#.
####...#.#.###########,* #..'.
#...#.#.#**********,* #..#.


You could see an ice beast.

Vanquished Creatures
  Sigmund (D:5)
  A sky beast (D:4)
  An ice beast (D:5)
  An ogre (D:4)
  A crimson imp (D:5)
  A giant frog skeleton (D:4)
  A jelly (D:4)
  An orc wizard (D:5)
  4 worker ants
  2 hound zombies (D:5)
  A howler monkey zombie (D:6)
  A howler monkey skeleton (D:3)
  5 adders
  A shadow imp (D:5)
  3 worms
  6 giant geckos
  3 orcs (D:5)
  7 bats
  2 giant cockroaches
  3 goblins
  6 hobgoblins
  2 jackals (D:2)
  5 kobolds
  2 quokkas
  A ball python (D:1)
  6 giant newts
  A jackal skeleton (D:5)
  7 rats
76 creatures vanquished.

Notes
Turn   | Place    | Note
-------+----------+-------------------------------------------
     0 | D:1      | Jmtri7 the Octopode Transmuter began the quest for the Orb.
     0 | D:1      | Reached XP level 1. HP: 13/13 MP: 3/3
   104 | D:1      | Reached XP level 2. HP: 13/19 MP: 5/5
   849 | D:2      | Reached XP level 3. HP: 25/25 MP: 4/6
  1251 | D:2      | Found a glowing golden altar of the Shining One.
  1756 | D:3      | Reached XP level 4. HP: 31/31 MP: 5/7
  2348 | D:4      | Reached XP level 5. HP: 24/37 MP: 8/8
  2830 | D:4      | Found a hide-covered altar of Uskayaw.
  2830 | D:4      | Found a glowing silver altar of Zin.
  2830 | D:4      | Found a hazy altar of Hepliaklqana.
  2830 | D:4      | Found a basalt altar of Yredelemnul.
  2836 | D:4      | Found a stormy altar of Qazlal.
  2836 | D:4      | Found a white marble altar of Elyvilon.
  2924 | D:4      | Noticed a sky beast
  2940 | D:4      | Killed a sky beast
  2940 | D:4      | Reached XP level 6. HP: 9/45 MP: 9/9
  3363 | D:4      | Reached skill level 5 in Fighting
  3363 | D:4      | Reached skill level 5 in Unarmed Combat
  3439 | D:5      | Entered Level 5 of the Dungeon
  3481 | D:5      | Noticed an ice beast
  3518 | D:5      | Killed an ice beast
  3518 | D:5      | Reached XP level 7. HP: 50/50 MP: 10/10
  3590 | D:5      | Found a shadowy altar of Dithmenos.
  3617 | D:5      | Noticed Sigmund
  3751 | D:5      | Killed Sigmund
  4136 | D:6      | Found an oddly glowing altar of Pakellas.
  4184 | D:6      | Found a staircase to the Ecumenical Temple.
  4193 | Temple   | Entered the Ecumenical Temple
  4234 | Temple   | Became a worshipper of Sif Muna the Loreminder
  4306 | D:6      | Slain by an ice beast

Vault maps used:
D:1:      sevenhm_arrival_forest_fort_small_4, serial_curves, eino_curves_04,
          eino_curves_02, eino_curves_01, minmay_heptomino_d4
D:2:      tso_altar
D:3:      lemuel_upstairs_altar, first_bread
D:4:      minmay_overflow_temple_hex
D:5:      grunt_dithmenos_shadows, uniq_sigmund
D:6:      marbit_many_paths, johnstein_pakellas_dig
Temple:   jpeg_temple_island

Skill      XL: |  1  2  3  4  5  6  7 |
---------------+----------------------+-----
Fighting       | 2 3 4 5 6 |  6.4
Unarmed Combat | 4 5 6 |  6.3
Dodging        | |  2.0
Spellcasting   | |  2.0
Transmutations | |  2.0

Action                   |  1- 3 |  4- 6 |  7- 9 || total
-------------------------+-------+-------+-------++-------
Melee: Unarmed           |    90 |    70 |    57 ||   217
       Constrict         |    19 |    13 |    10 ||    42
       Tentacles         |    12 |    12 |    14 ||    38
       Punch             |     3 |     2 |     1 ||     6
       Kick              |     1 |       |       ||     1
 Cast: Beastly Appendage |     1 |       |       ||     1
 Abil: Evoke Berserk Rag |     2 |     5 |     4 ||    11
  Use: Scroll            |     3 |       |     1 ||     4
 Stab: Distracted        |     1 |       |       ||     1
       Sleeping          |       |     2 |     1 ||     3
  Eat: Chunk             |     3 |     7 |     5 ||    15
       Fruit             |       |     1 |       ||     1
       Pizza             |       |     1 |       ||     1
Armor: Skin              |     9 |     4 |     2 ||    15
Dodge: Dodged            |    42 |    19 |    13 ||    74
Block: Large shield      |    24 |    28 |    36 ||    88
